 Dungeon Crawl Stone Soup version 0.23-a0-183-gf37f6fb (webtiles) character file.

3353 andthrax the Covert (level 10, -5/56 HPs)
             Began as an Octopode Enchanter on Sept 17, 2018.
             Was a Priest of Sif Muna.
             Slain by a wight
             ... wielding a +4 dire flail of freezing
              (9 damage)
             ... on level 8 of the Dungeon on Sept 21, 2018.
             The game lasted 02:02:45 (8841 turns).

andthrax the Covert (Octopode Enchanter)            Turns: 8841, Time: 02:02:46

Health: -5/56      AC:  1    Str:  7    XL:     10   Next: 3%
Magic:  28/31      EV: 14    Int: 21    God:    Sif Muna [***...]
Gold:   319        SH:  0    Dex: 15    Spells: 16/25 levels left

rFire    . . .     SeeInvis .   b - +4 dagger
rCold    . . .     Gourm    .   (no shield)
rNeg     . . .     Faith    .   (helmet restricted)
rPois    .         Spirit   .   (no amulet)
rElec    .         Reflect  .   m - ring of magical power
rCorr    .         Harm     .   z - +2 ring of intelligence
MR       .....                  B - ring of wizardry
Stlth    +++++.....             (no ring)
HPRegen  0.18/turn              (no ring)
MPRegen  0.22/turn              (no ring)
                                (no ring)
                                (no ring)

@: no status effects
A: almost no armour, stealthy swim, amphibious, 8 rings, constrict 8, tentacle
spike 1, camouflage 1, gelatinous body 1, MP-powered wands
a: Divine Energy, Channel Magic, Renounce Religion


You were on level 8 of the Dungeon.
You worshipped Sif Muna.
Sif Muna was most pleased with you.
You were not hungry.

You visited 2 branches of the dungeon, and saw 10 of its levels.
You also visited: Sewer.

You collected 412 gold pieces.
You spent 93 gold pieces at shops.

Inventory:

Hand Weapons
 b - a +4 dagger (weapon)
 p - a +1 dagger of venom
Missiles
 A - 131 stones (quivered)
Jewellery
 m - a ring of magical power (left tentacle)
 z - a +2 ring of intelligence (right tentacle)
 B - a ring of wizardry (on tentacle)
Wands
 f - a wand of polymorph (12)
 q - a wand of random effects (27)
 C - a wand of paralysis (19)
Scrolls
 a - a scroll of blinking {unknown}
 d - 7 scrolls of teleportation
 h - 3 scrolls of immolation
 i - a scroll of identify
 k - a scroll of enchant weapon
 r - a scroll of enchant armour {unknown}
 t - 6 scrolls of remove curse
 u - a scroll of holy word {unknown}
 v - a scroll of fear
 w - a scroll of magic mapping {unknown}
 y - 2 scrolls of amnesia
 D - a scroll of fog {unknown}
Potions
 e - 6 potions of curing
 g - 2 potions of resistance
 j - a potion of brilliance {unknown}
 l - a potion of berserk rage {unknown}
 n - a potion of invisibility {unknown}
 o - a potion of lignification {unknown}
 s - a potion of haste {unknown}
 x - a potion of flight {unknown}
Comestibles
 c - 18 rations


   Skills:
 - Level 5.4 Short Blades
 + Level 2.7 Dodging
 + Level 8.8 Stealth
 * Level 8.3 Spellcasting
 - Level 2.0 Conjurations
 + Level 6.9 Hexes
 - Level 2.0 Ice Magic


You had 16 spell levels left.
You knew the following spells:

 Your Spells              Type           Power        Failure   Level  Hunger
a - Corona                Hex            #####..      1%          1    None
b - Ensorcelled Hibernat  Hex/Ice        ####..       1%          2    None
c - Confuse               Hex            #####...     1%          3    None
d - Dazzling Spray        Conj/Hex       ####..       1%          3    None

Your spell library contained the following spells:

 Spells                   Type           Power        Failure   Level  Hunger
 Tukima's Dance           Hex            #####...     1%          3    None


Dungeon Overview and Level Annotations

Branches:
Dungeon (9/15)             Temple (1/1) D:6
   Lair: D:8-11         Orc: D:9-12

Altars:
Ashenzari
Cheibriados
Dithmenos
Elyvilon
Fedhas
Gozag
Hepliaklqana
Kikubaaqudgha
Makhleb
Nemelex Xobeh
Okawaru
Qazlal
Ru
Sif Muna
Trog
Uskayaw
Vehumet
Wu Jian
Xom
Yredelemnul
Zin
The Shining One

Shops:
D:4 *

Annotations:
D:3 Natasha
D:8 Prince Ribbit


Innate Abilities, Weirdness & Mutations

You cannot wear most types of armour.
You are very stealthy in the water. (Stealth+)
You are amphibious.
You can wear up to eight rings at the same time.
You can use your tentacles to constrict eight enemies at once.
Your skin changes colour to match your surroundings (Stealth+).
Your rubbery body absorbs attacks. (AC +1, EV +1)
One of your tentacles bears a spike.
You expend magic power (3 MP) to strengthen your wands.


Message History

The worker ant twitches its antennae in your direction.
You hit the wight but do no damage. You grab the wight.
You pierce the wight, but do no damage.
You constrict the wight, but do no damage.
The wight hits you from afar with an enchanted trident.
* * * LOW HITPOINT WARNING * * *
The wight misses you.
You release your grip on the wight.
The wight misses you. The wight barely misses you.
You climb upwards.
Level annotation: Prince Ribbit
There is a stone staircase leading down here.
Casting: Confuse (safe; 1% risk of failure)
Confirm with . or Enter, or press ? or * to list all spells.
Aiming: Confuse (safe; 1% risk of failure)
Press: ? - help, Shift-Dir - straight line, f - wight
Aim: a wight, wielding a dire flail of freezing and wearing a robe (chance to The wight struggles to resist.
The wight hits you with a dire flail of freezing!
You die...

.............................
........._.....<|.............
..........._..#.#.............
...##.........#.........##....
..( #._..8..............#.....
#...........######.....)..
#.._..._...######.........
#.........................
#.......z@.##. ........#..
##..#.#...## ... #..#.#...# .#
....#.....# .. ..##.#.##### ##
## #.. #.


You could see a wight.

Vanquished Creatures
  4 sky beasts
  3 phantoms
  2 ice beasts
  2 ogres
  A centaur (D:8)
  A crocodile (Sewer)
  6 bullfrogs
  2 big kobolds
  A scorpion (D:5)
  4 killer bees (D:8)
  2 howler monkeys
  9 wights
  A crimson imp (D:6)
  A bullfrog zombie (D:6)
  A jelly (D:6)
  5 orc priests
  2 hounds (D:7)
  An orc wizard (D:4)
  3 bullfrog skeletons
  Natasha (twice) (D:3)
  Ijyb (D:3)
  9 worker ants
  A worker ant zombie (D:7)
  11 gnolls
  8 adders
  A shadow imp (D:5)
  An ooze (D:3)
  2 adder skeletons
  A worm (D:6)
  3 dart slugs
  2 leopard geckos
  21 orcs
  A ball python (D:1)
  8 bats
  5 giant cockroaches
  6 hobgoblins
  5 jackals
  3 quokkas
  4 frilled lizards
  8 goblins
  A jackal zombie (D:7)
  32 kobolds
  A leopard gecko skeleton (D:6)
  11 rats
199 creatures vanquished.

Vanquished Creatures (others)
  A wizard (D:5)
  An orc (D:7)
2 creatures vanquished.

Grand Total: 201 creatures vanquished

Notes
Turn   | Place    | Note
-------+----------+-------------------------------------------
     0 | D:1      | andthrax the Octopode Enchanter began the quest for the
                  | Orb.
     0 | D:1      | Reached XP level 1. HP: 11/11 MP: 3/3
   188 | D:2      | Reached XP level 2. HP: 17/17 MP: 5/5
   195 | D:1      | Learned a level 2 spell: Ensorcelled Hibernation
   201 | D:1      | Reached XP level 3. HP: 21/21 MP: 6/6
  1125 | D:2      | Reached XP level 4. HP: 21/27 MP: 8/8
  1193 | D:2      | Learned a level 3 spell: Confuse
  1360 | D:2      | Found a deep blue altar of Sif Muna.
  1363 | D:2      | Became a worshipper of Sif Muna the Loreminder
  1405 | D:2      | Learned a level 3 spell: Dazzling Spray
  1548 | D:3      | Found a blossoming altar of Fedhas.
  1767 | D:2      | Found a burning altar of Makhleb.
  2019 | D:2      | Found an ornate altar of the Wu Jian Council.
  2131 | D:3      | Noticed Natasha
  2137 | D:3      | Killed Natasha
  2137 | D:3      | Reached skill level 5 in Stealth
  2137 | D:3      | Reached XP level 5. HP: 18/31 MP: 9/9
  2269 | D:3      | Noticed a wyvern
  2315 | D:3      | Reached XP level 6. HP: 32/36 MP: 11/11
  2474 | D:3      | Found a sacrificial altar of Ru.
  2479 | D:3      | Noticed Ijyb
  2487 | D:3      | Killed Ijyb
  2566 | D:3      | Reached skill level 5 in Hexes
  2784 | D:3      | Noticed Natasha
  2816 | D:3      | Killed Natasha
  3086 | D:3      | Noticed Natasha
  3196 | D:4      | Gained mutation: You are occasionally teleported next to
                  | monsters. [potion of mutation]
  3196 | D:4      | Gained mutation: Scrolls take you a little longer to read.
                  | [potion of mutation]
  3196 | D:4      | Gained mutation: You passively map a small area around you.
                  | [potion of mutation]
  3196 | D:4      | Gained mutation: One of your tentacles bears a spike.
                  | [potion of mutation]
  3197 | D:4      | Lost mutation: Scrolls take you a little longer to read.
                  | [potion of mutation]
  3197 | D:4      | Lost mutation: One of your tentacles bears a spike. [potion
                  | of mutation]
  3197 | D:4      | Gained mutation: Your body sometimes deteriorates upon
                  | taking damage. [potion of mutation]
  3197 | D:4      | Gained mutation: Scrolls take you a little longer to read.
                  | [potion of mutation]
  3197 | D:4      | Lost mutation: Your body sometimes deteriorates upon taking
                  | damage. [potion of mutation]
  3197 | D:4      | Gained mutation: Your flesh is cold resistant. (rC+)
                  | [potion of mutation]
  3198 | D:4      | Lost mutation: Your flesh is cold resistant. (rC+) [potion
                  | of mutation]
  3198 | D:4      | Lost mutation: You are occasionally teleported next to
                  | monsters. [potion of mutation]
  3198 | D:4      | Lost mutation: Scrolls take you a little longer to read.
                  | [potion of mutation]
  3198 | D:4      | Gained mutation: You have an increased reservoir of magic.
                  | (+10% MP) [potion of mutation]
  3198 | D:4      | Gained mutation: You are robust. (+10% HP) [potion of
                  | mutation]
  3198 | D:4      | Gained mutation: You are agile. (Dex +2) [potion of
                  | mutation]
  3199 | D:4      | Lost mutation: You are robust. (+10% HP) [potion of
                  | mutation]
  3199 | D:4      | Lost mutation: You have an increased reservoir of magic.
                  | (+10% MP) [potion of mutation]
  3199 | D:4      | Lost mutation: You are agile. (Dex +2) [potion of mutation]
  3199 | D:4      | Gained mutation: One of your tentacles bears a spike.
                  | [potion of mutation]
  3199 | D:4      | Gained mutation: You are resistant to hostile enchantments.
                  | (MR+) [potion of mutation]
  3205 | D:5      | Entered Level 5 of the Dungeon
  3245 | D:5      | Noticed an ice beast
  3269 | D:5      | Killed an ice beast
  3269 | D:5      | Reached * piety under Sif Muna
  3269 | D:5      | Reached skill level 1 in Conjurations
  3269 | D:5      | Reached skill level 1 in Ice Magic
  3269 | D:5      | Reached XP level 7. HP: 41/41 MP: 13/13
  3341 | D:5      | Found a hazy altar of Hepliaklqana.
  3405 | D:5      | Found a glowing drain.
  3415 | Sewer    | Entered a sewer
  3448 | Sewer    | Lost mutation: One of your tentacles bears a spike. [potion
                  | of mutation]
  3448 | Sewer    | Lost mutation: You are resistant to hostile enchantments.
                  | (MR+) [potion of mutation]
  3448 | Sewer    | Lost mutation: You passively map a small area around you.
                  | [potion of mutation]
  3448 | Sewer    | Gained mutation: You are partially covered in iridescent
                  | scales. (AC +2) [potion of mutation]
  3448 | Sewer    | Gained mutation: You are resistant to electric shocks.
                  | (rElec) [potion of mutation]
  3448 | Sewer    | Gained mutation: Your flesh is cold resistant. (rC+)
                  | [potion of mutation]
  3448 | Sewer    | Gained mutation: Your mind is acute. (Int +2) [potion of
                  | mutation]
  3449 | Sewer    | Lost mutation: Your flesh is cold resistant. (rC+) [potion
                  | of mutation]
  3449 | Sewer    | Lost mutation: Your mind is acute. (Int +2) [potion of
                  | mutation]
  3449 | Sewer    | Lost mutation: You are partially covered in iridescent
                  | scales. (AC +2) [potion of mutation]
  3449 | Sewer    | Lost mutation: You are resistant to electric shocks.
                  | (rElec) [potion of mutation]
  3449 | Sewer    | Gained mutation: One of your tentacles bears a spike.
                  | [potion of mutation]
  3449 | Sewer    | Gained mutation: You expend magic power (3 MP) to
                  | strengthen your wands. [potion of mutation]
  3699 | D:5      | Reached skill level 5 in Spellcasting
  3736 | D:5      | Found a hide-covered altar of Uskayaw.
  3946 | D:5      | Found a bloodstained altar of Trog.
  3947 | D:5      | Noticed a wizard
  3952 | D:5      | Killed a wizard
  4261 | D:4      | Upgraded the game from 0.23-a0-175-g97aacdb to
                  | 0.23-a0-183-gf37f6fb
  4275 | D:4      | Reached XP level 8. HP: 27/46 MP: 15/16
  5000 | D:4      | Found Mesoziur's General Store.
  5003 | D:4      | Bought a scroll of amnesia for 38 gold pieces
  5003 | D:4      | Bought a scroll of identify for 22 gold pieces
  5003 | D:4      | Bought a scroll of remove curse for 33 gold pieces
  5399 | D:4      | Found a sparkling altar of Nemelex Xobeh.
  5556 | D:6      | Reached ** piety under Sif Muna
  5780 | D:6      | Found a staircase to the Ecumenical Temple.
  5795 | Temple   | Entered the Ecumenical Temple
  6220 | D:6      | Reached XP level 9. HP: 51/51 MP: 19/19
  7232 | D:7      | Reached skill level 5 in Short Blades
  7380 | D:7      | Reached *** piety under Sif Muna
  8082 | D:8      | Found a shattered altar of Ashenzari.
  8373 | D:8      | Found a stormy altar of Qazlal.
  8376 | D:8      | Found a glowing silver altar of Zin.
  8407 | D:8      | Found an ancient bone altar of Kikubaaqudgha.
  8476 | D:8      | Reached XP level 10. HP: 41/56 MP: 19/22
  8478 | D:8      | Noticed Prince Ribbit
  8807 | D:8      | Noticed a two-headed ogre
  8824 | D:8      | Found an iron altar of Okawaru.
  8824 | D:8      | Found a shadowy altar of Dithmenos.
  8841 | D:8      | Slain by a wight

Vault maps used:
D:1:      dpeg_arrival_rhombus, grunt_decor_one_mirror
D:2:      lemuel_blue_sif_altar, lemuel_coloured_pillars_altar,
          nicolae_overflow_hidden_temple
D:3:      nicolae_overflow_crystal_walls, first_ration, amethyst_killhole,
          fedhas_altar_2, uniq_ijyb, uniq_natasha
D:4:      cheibrodos_quashed, serial_shops, nicolae_shop_trees,
          nemelex_lonely_heart_becter
D:5:      lemuel_doored_altar, lemuel_crystal_altar,
          cheibrodos_sewer_entry_drain, eino_tiny_chamber, minmay_crystal_room,
          trog_wizard
D:6:      kennysheep_kobold_camp, minmay_temple_entry_mist
D:7:      grunt_ogre_cave
D:8:      grunt_temple_overflow_open, nemelex_altar_shiori, lemuel_round_altar,
          uniq_prince_ribbit1
D:9:      kennysheep_seaside_town, orc_0_dummy
Temple:   compressed_dpeg_triangle_lava_temple
Sewer:    sewer_the_crocodile

Skill      XL: |  1  2  3  4  5  6  7  8  9 |
---------------+----------------------------+-----
Spellcasting   | 3 4 5 6 8 |  8.3
Hexes          | 4 5 6 |  6.9
Stealth        | 5 7 8 |  8.8
Short Blades   | 2 3 4 5 |  5.4
Conjurations   | 1 2 |  2.0
Ice Magic      | 1 2 |  2.0
Dodging        | |  2.7

Action                   |  1- 3 |  4- 6 |  7- 9 | 10-12 || total
-------------------------+-------+-------+-------+-------++-------
Melee: Dagger            |    27 |    70 |   202 |     9 ||   308
       Tentacles         |     3 |     9 |    19 |     1 ||    32
       Constrict         |     4 |     5 |    23 |     2 ||    34
       Kick              |       |     4 |    27 |     3 ||    34
 Cast: Ensorcelled Hiber |    13 |    54 |    99 |     7 ||   173
       Confuse           |       |     4 |    18 |     2 ||    24
       Dazzling Spray    |       |       |     3 |       ||     3
  Use: Scroll            |     2 |     5 |     5 |     3 ||    15
       Potion            |       |     5 |     3 |     1 ||     9
 Stab: Sleeping          |    16 |    47 |    89 |     2 ||   154
       Distracted        |       |     2 |       |       ||     2
       Confused          |       |     3 |    12 |       ||    15
  Eat: Chunk             |     1 |     9 |     9 |       ||    19
       Ration            |       |       |     3 |       ||     3
Armor: Skin              |     2 |     2 |     5 |       ||     9
Dodge: Dodged            |     9 |    32 |    82 |    13 ||   136

Table legend:
 A = Non-vault XP
 B = Vault XP
 C = Vault XP percentage of total XP
 D = Non-vault monster count
 E = Vault monster count
 F = Vault count percentage of total count
                 A         B        C        D         E       F
            +---------+---------+-------+---------+---------+-------
      Total |    4363 |     428 |   8.9 |     167 |      33 |  16.5
            +---------+---------+-------+---------+---------+-------
        D:1 |      24 |       0 |   0.0 |      13 |       0 |   0.0
        D:2 |     104 |       0 |   0.0 |      27 |       0 |   0.0
        D:3 |     295 |      68 |  18.7 |      30 |       2 |   6.2
        D:4 |     497 |       0 |   0.0 |      15 |       0 |   0.0
        D:5 |     530 |       5 |   0.9 |      14 |       3 |  17.6
        D:6 |    1201 |     123 |   9.3 |      24 |      21 |  46.7
        D:7 |    1044 |     121 |  10.4 |      35 |       1 |   2.8
        D:8 |     612 |       0 |   0.0 |       8 |       0 |   0.0
        D:9 |      56 |       0 |   0.0 |       1 |       0 |   0.0
      Sewer |       0 |     111 | 100.0 |       0 |       6 | 100.0
            +---------+---------+-------+---------+---------+-------
